Get step-by-step instructions on how to execute this build order below. Start the game timer, and the build order will tick by so you can play in parallel with StarCraft on a second screen or mobile device.

Game Time

  0:00

Last Step

  N/A

Next Step

Upcoming Step



Don't want to look back and forth between 2 screens? Try out our Overwolf App, the Spawning Tool Build Advisor to get an in-game overlay with this build!

Complete Build Order

    0:00  Unknown x16  
    0:07  Zergling x2  
    0:21  Siege Tank  
    0:28  Baneling x2  
  4  1:12  Zergling x8  
  4  1:13  Zergling x6  
  4  1:14  Zergling x4  
  3  1:29  Baneling x2  
  3  1:30  Baneling x4  
  3  1:31  Baneling